Valeera, chaotic female elven Rogue ----- -------- --- #######....| ...... .| # |...| -.....- -.| ### +...| |.....+ |.| # |..<| |.....| |.|### --.-- |.....| |.-# ### -+--..Z..----+---+---.| # | --+--+---......S..............| ### |.........@...{.f.@..{..........| # | --+--+---....-|----...........| ### ---- |....|.----|----.| #### # |....|.+ |.(..|.| ----.---.-- |.._.|.| |....|.| |.........| |....|.| |....|.| |.......[.| ------.- ------.| |.........| . .| |.........| --- --- ----------- Valeera the Rogue Experience level: 6 Strength: 16 Dexterity: 19 Constitution: 13 Intelligence: 11 Wisdom: 8 Charisma: 7 Health: 0(32) Energy: 31(31) Def: 6 Gold: 27 Moves: 2426 Dungeon seed: iLCXdeSm-gpS6K1U Game ID: Valeera_1443639188 Your Inventory: Coins $ - 27 gold pieces Weapons b - an uncursed burnt +0 elven dagger named Biter (weapon in hand) o - 11 uncursed +0 elven daggers (in quiver) O - an uncursed +0 dwarvish spear R - a blessed +3 elven dagger Armor e - an uncursed +1 leather armor (being worn) q - an uncursed +0 dwarvish iron helm (being worn) D - an uncursed +0 pair of elven boots (being worn) P - an uncursed +0 dwarvish cloak (being worn) Wands J - an uncursed wand of sleep (0:7) L - an uncursed wand of teleportation (0:7) Tools g - an uncursed blindfold i - an uncursed magic whistle k - an uncursed lock pick B - an uncursed bag of holding K - an uncursed bag of holding M - an uncursed sack Gems z - 2 uncursed worthless pieces of blue glass Contents of the bag of holding: 697 gold pieces 10 uncursed +0 daggers 54 uncursed +0 darts a cursed -1 dart 6 uncursed +0 elven daggers an uncursed +0 elven short sword a blessed +1 elven spear a blessed +0 orcish dagger a blessed +0 dwarvish cloak an uncursed +0 dwarvish cloak an uncursed +0 dwarvish cloak a cursed -2 dwarvish cloak a cursed -1 dwarvish cloak named cursed a cursed -1 dwarvish iron helm an uncursed +0 dwarvish roundshield an uncursed +0 pair of elven boots an uncursed +0 pair of elven boots an uncursed +0 pair of elven boots an uncursed +0 pair of elven boots an uncursed +2 pair of iron shoes an uncursed +0 pair of iron shoes an uncursed +0 pair of water walking boots 3 uncursed eggs 3 uncursed food rations 6 uncursed lembas wafers 3 uncursed tripe rations an uncursed scroll of blank paper an uncursed scroll of enchant armor a cursed scroll of fire an uncursed scroll of identify an uncursed scroll of light 3 uncursed scrolls of scare monster an uncursed scroll of teleportation an uncursed spellbook of create monster an uncursed spellbook of sleep an uncursed potion of full healing an uncursed potion of sickness an uncursed potion of water an uncursed ring of invisibility an uncursed wand of enlightenment (0:12) an uncursed wand of opening (0:3) an uncursed wand of slow monster (0:6) an uncursed blindfold an uncursed brass lantern (0:1135) a blessed oil lamp (0:1383) an uncursed tallow candle (0:200) an uncursed wax candle (0:400) an uncursed jet stone an uncursed worthless piece of black glass an uncursed worthless piece of green glass an uncursed worthless piece of orange glass 2 uncursed worthless pieces of red glass an uncursed worthless piece of violet glass Spells and supernatural/magical abilities: Name Level Category Fail Memory W - pray for help -- divine ? -- Your skills at the end: Miscellaneous Skills wands [Basic] Weapon Skills dagger [Skilled] short sword [Basic] Spellcasting Skills Final Attributes: You were piously aligned. You were sleep resistant. You had infravision. You were stealthy. You are dead. Vanquished creatures: a gnome king a bugbear a fog cloud 2 shriekers 3 gnome lords 2 gnomish wizards 6 dwarves a centipede an orc zombie 3 hobbits a large kobold a gecko a brown mold a red mold 14 gnomes 4 manes 8 jackals a fox 3 newts 2 goblins 3 sewer rats a grid bug a kobold zombie 62 creatures vanquished. Voluntary challenges: You did not adorn yourself with jewelry or accessories. You had been an atheist until turn 2349. You used a wielded weapon 83 times, starting on turn 49. You did not apply a unicorn horn. You read items or engraved 3 times, starting on turn 1800. You never genocided any monsters. You never polymorphed an object. You never changed form. You used no wishes. You never split a pudding. You wrote Elbereth's name 2 times, starting on turn 1800. You never violated your personal moral code. Dungeon overview: The Dungeons of Doom: levels 1 to 5 Level 1 a long staircase Level 2 an armor shop Level 3 a potion shop, a fountain Level 4 some fountains stairs to The Gnomish Mines Level 5 The Gnomish Mines: levels 5 to 7 Level 5 stairs to The Dungeons of Doom Level 6 Level 7 <- You were here a temple to Issek, a magic chest, some fountains History has recorded: On T:1 you entered the Dungeons of Doom to retrieve the Amulet of Yendor! On T:300 you reached level 2 of The Dungeons of Doom. On T:693 you reached level 3 of The Dungeons of Doom. On T:738 you reached level 4 of The Dungeons of Doom. On T:745 you advanced to experience level 2. On T:947 you advanced to experience level 3. On T:1048 you reached level 5 of The Dungeons of Doom. On T:1258 you reached level 1 of The Gnomish Mines. On T:1277 you advanced to experience level 4. On T:1533 you advanced to experience level 5. On T:1622 you reached level 2 of The Gnomish Mines. On T:1945 you advanced to experience level 6. On T:2172 you reached level 3 of The Gnomish Mines. On T:2305 you opened a magic chest. On T:2333 you entered the Minetown temple Score breakdown: Gold: 724 ( 72 points) Experience: 6 levels ( 500 points) Exploration: 7 levels ( 180 points) Discoveries: 5 items ( 250 points) Variety of kills: 23 monsters ( 1150 points) Major goal: (nothing yet) ( 0 points) Survival: died (score multiplied by 3) Total score: 6456 Latest messages: You put a lamp into the bag called holding. You put a wand of slow monster into the bag called holding. You put a candle into the bag called holding. (2x) You put a blindfold into the bag called holding. You put an orange gem into the bag called holding. You put a black gem into the bag called holding. (2x) You put a red gem into the bag called holding. Your movements are now unencumbered. You write in the dust with your fingers. Your writing hand is beginning to cramp. The snake bites! You die... The bag of holding is empty. The sack is empty. The bag of holding is empty. The sack is empty. Final status: Goodbye Valeera the Rogue, killed by a snake... You died in The Gnomish Mines on dungeon level 7 with 6456 points, and 724 pieces of gold, after 2426 moves. You were level 6 with a maximum of 32 hit points when you died.